Sharks vs Stars

Created - Friday, February 20, 2015 at 00:02

Goals
1 2 3 T
Sharks 1 5 0 6
Stars 0 3 0 3
Shots
1 2 3 T
Sharks 3 17 10 30
Stars 8 15 12 35

1st period

1. Sharks , Rich Peverley 12 (Olli Jokinen, Mike Weber) at 1:06

Penalties :
Brad Malone (Dal) for Interference (Minor) at 1:39, Matt Hendricks (SJ ) for Hooking (Minor) at 5:42, Brad Malone (Dal) for Hooking (Minor) at 8:30, Andrew Ebbett (SJ ) for Hooking (Minor) at 11:50, Jamie Oleksiak (Dal) for Hooking (Minor) at 16:09, Deryk Engelland (SJ ) for Hooking (Minor) at 18:48

2nd period

2. Stars , Jakub Kindl 9 (Daniel Paille) at 0:32 (PP)
3. Sharks , Brian Gionta 15 (Nicklas Grossmann, Nathan Gerbe) at 0:58
4. Sharks , Dion Phaneuf 23 (Nathan Gerbe, Brian Gionta) at 3:26 (PP)
5. Sharks , Adam Hall 5 (Deryk Engelland, Mike Weber) at 3:50
6. Sharks , Nathan Gerbe 13 (Brian Gionta, Nicklas Grossmann) at 9:20
7. Stars , Daniel Cleary 19 (Michael Ryder, Aaron Johnson) at 14:02 (PP)
8. Stars , Michael Ryder 14 (Brian Boyle) at 15:47 (PP)
9. Sharks , Nathan Gerbe 14 (Nicklas Grossmann) at 16:01

Penalties :
Brian Boyle (Dal) for Slashing (Minor) at 2:07, Mike Weber (SJ ) for Tripping (Minor) at 13:49, Mike Weber (SJ ) for Boarding (Minor) at 15:43, Joe Corvo (Dal) for Interference (Minor) at 19:52

3rd period

No Goal

Penalties :
Jamie Oleksiak (Dal) for Hooking (Minor) at 3:16, Dion Phaneuf (SJ ) for Slashing (Double Minor) at 8:50, Bruno Gervais (Dal) for Hooking (Minor) at 13:27, Deryk Engelland (SJ ) for Goalie Interference (Minor) at 15:37, Matt Hendricks (SJ ) for Holding (Minor) at 19:49

Goalie Stats

Viktor Fasth (SJ ), 32 saves from 35 shots - (0.914), W, 4-16-0, 60:00 minutes
Hannu Toivonen (Dal), 24 saves from 30 shots - (0.800), L, 0-2-0, 60:00 minutes

Players Stats for Sharks

Player Name              G  A  P  +/- PIM S  H  SB GA TA FO     MP     PP MP  PK MP  
------------------------------------------------------------------------------------
Adam Hall                1  0  1   1  0   6  0  3  1  1  6/9    16:37   2:02   2:03 
Andrew Ebbett            0  0  0   0  2   1  0  0  0  0  2/4     4:59   0:01   0:00 
Brad Richards            0  0  0   3  0   2  0  0  0  0  9/21   22:41   5:23   5:58 
Brian Gionta             1  2  3   3  0   2  2  1  3  1  0/2    18:12   7:18   2:45 
Deryk Engelland          0  1  1   1  4   1  1  0  0  0  0/0    11:44   0:00   0:00 
Dion Phaneuf             1  0  1   2  4   3  2  2  0  2  0/0    25:02   7:04   4:32 
Erik Gustafsson          0  0  0   0  0   0  0  1  0  0  0/0     2:27   0:00   2:27 
Jay Harrison             0  0  0   1  0   1  0  2  0  1  0/0    10:31   0:00   0:00 
Justin Fontaine          0  0  0   1  0   3  1  0  1  0  0/0    11:46   0:00   0:00 
Mark Fistric             0  0  0   1  0   0  1  2  0  1  0/0    10:31   0:00   0:00 
Matt Hendricks           0  0  0   1  4   0  2  2  1  1  0/0    16:01   5:55   0:00 
Mike Green               0  0  0   2  0   1  0  2  1  1  0/0    22:37   6:09   5:08 
Mike Weber               0  2  2   2  4   4  2  4  0  3  0/0    22:35   6:09   5:08 
Nathan Gerbe             2  2  4   3  0   3  0  1  3  1  0/1    14:49   7:18   0:00 
Nicklas Grossmann        0  3  3   2  0   0  1  2  0  1  0/0    26:52   7:04   6:59 
Olli Jokinen             0  1  1   1  0   1  2  2  1  0  5/8    22:07   5:47   6:53 
Rich Peverley            1  0  1   1  0   2  1  0  2  0  0/0    19:02   5:55   2:45 
Tom Kostopoulos          0  0  0   0  0   0  0  0  0  0  1/1     9:12   0:00   3:50 

Players Stats for Stars

Player Name              G  A  P  +/- PIM S  H  SB GA TA FO     MP     PP MP  PK MP  
------------------------------------------------------------------------------------
Aaron Johnson            0  1  1  -3  0   6  1  0  0  0  0/0    27:25   7:08   5:57 
Brad Malone              0  0  0  -1  4   0  0  0  0  0  1/7    12:49   0:00   0:37 
Brett Ritchie            0  0  0  -1  0   1  1  0  0  1  0/1     7:06   0:00   3:21 
Brian Boyle              0  1  1  -2  2   0  1  2  1  5  5/14   19:34   5:40   7:03 
Bruno Gervais            0  0  0  -1  2   2  0  2  0  1  0/0     9:29   0:00   0:00 
Cory Conacher            0  0  0  -1  0   4  2  0  1  0  0/0    17:29   5:36   0:36 
Daniel Cleary            1  0  1  -2  0   3  0  0  0  0  0/0    17:29   6:31   3:11 
Daniel Paille            0  1  1  -1  0   1  1  1  2  0  1/1    21:08   5:13   4:10 
Dmitry Orlov             0  0  0  -1  0   2  1  1  1  0  0/0    10:45   0:00   1:03 
Erik Haula               0  0  0  -1  0   0  1  0  1  0  8/12   16:49   5:36   0:00 
Jakub Kindl              1  0  1  -3  0   6  2  0  2  0  0/0    23:00   7:08   5:57 
Jamie Oleksiak           0  0  0   0  4   0  0  1  0  0  0/0     5:15   0:00   0:00 
Joe Corvo                0  0  0  -1  2   0  0  3  1  0  0/0    21:50   4:59   6:13 
John Moore               0  0  0  -1  0   1  0  1  1  1  0/0    23:09   4:59   7:16 
Michael Ryder            1  1  2  -3  0   4  0  0  3  0  7/9    22:57   5:30   7:28 
Miikka Salomaki          0  0  0  -1  0   0  0  0  1  0  0/0     3:26   0:00   0:00 
Patrick Eaves            0  0  0  -1  0   1  0  0  0  0  0/1    12:40   0:28   0:00 
Rob Klinkhammer          0  0  0  -1  0   4  1  2  4  0  1/1    14:20   1:47   0:00 

3 Stars

1 - Nathan Gerbe (SJ )
2 - Brian Gionta (SJ )
3 - Nicklas Grossmann (SJ )

Power Play

Sharks - 1 on 7 Attempt(s) - 14.29%
Stars - 3 on 9 Attempt(s) - 33.33%

Penalty Kill

Sharks - 6 on 9 Attempt(s) - 66.67% - Score 0 goal in Penalty Kill
Stars - 6 on 7 Attempt(s) - 85.71% - Score 0 goal in Penalty Kill

Team Stat

Sharks - Hits : 15 - Faceoff Wins : 23 - Blocked Shots : 24 - Penalty Minutes : 18
Stars - Hits : 11 - Faceoff Wins : 23 - Blocked Shots : 13 - Penalty Minutes : 14

Official

Referees : Unknown
Linesman : Unknown

Game Notes

No Game Note

Finance

Level 1 -- Attendance: 4417 (73.62%) -- Ticket Income $441,700
Level 2 -- Attendance: 3724 (74.48%) -- Ticket Income $223,440
Level 3 -- Attendance: 1551 (77.55%) -- Ticket Income $54,285
Level 4 -- Attendance: 3095 (77.38%) -- Ticket Income $61,900
Luxury Box -- Attendance: 786 (78.60%) -- Ticket Income $157,200
Game was played at the American Airlines Arena'
Total Attendance: 13573 (75.41%)
Total Ticket Income: $938,525
Other Income: $459,877
Total Income: $1,398,402

Sharks

5 vs 5 Forward 
   Center                   Left Wing                Right Wing               Time % Phy DF OF 
 1 Brad Richards            Nathan Gerbe             Brian Gionta             35     1   2  2  
 2 Olli Jokinen             Matt Hendricks           Rich Peverley            30     1   2  2  
 3 Adam Hall                Deryk Engelland          Justin Fontaine          22     1   2  2  
 4 Andrew Ebbett            Brad Richards            Tom Kostopoulos          13     1   2  2  

5 vs 5 Defense 
   Defense                  Defense                                           Time % Phy DF OF 
 1 Dion Phaneuf             Nicklas Grossmann                                 35     1   2  2  
 2 Mike Green               Mike Weber                                        30     1   2  2  
 3 Mark Fistric             Jay Harrison                                      22     1   2  2  
 4 Dion Phaneuf             Nicklas Grossmann                                 13     1   2  2  

PowerPlay Forward 
   Center                   Left Wing                Right Wing               Time % Phy DF OF 
 1 Brad Richards            Nathan Gerbe             Brian Gionta             60     1   2  2  
 2 Olli Jokinen             Matt Hendricks           Rich Peverley            40     1   2  2  

PowerPlay Defense
   Defense                  Defense                                           Time % Phy DF OF 
 1 Dion Phaneuf             Nicklas Grossmann                                 60     1   2  2  
 2 Mike Green               Mike Weber                                        40     1   2  2  

Penalty Kill 4 Players Forward 
   Center                   Wing                     Time % Phy DF OF 
 1 Brad Richards            Olli Jokinen             60     1   2  2  
 2 Brian Gionta             Rich Peverley            40     1   2  2  

Penalty Kill 4 Players Defense
   Defense                  Defense                  Time % Phy DF OF 
 1 Dion Phaneuf             Nicklas Grossmann        60     1   2  2  
 2 Mike Green               Mike Weber               40     1   2  2  

Penalty Kill - 3 Players Forward 
   Forward                                           Time % Phy DF OF 
 1 Brad Richards                                     60     1   2  2  
 2 Olli Jokinen                                      40     1   2  2  

Penalty Kill - 3 Players Defense
   Defense                  Defense                  Time % Phy DF OF 
 1 Dion Phaneuf             Nicklas Grossmann        60     1   2  2  
 2 Mike Green               Mike Weber               40     1   2  2  

4 vs 4 Forward 
   Center                   Wing                     Time % Phy DF OF 
 1 Brad Richards            Olli Jokinen             60     1   2  2  
 2 Brian Gionta             Rich Peverley            40     1   2  2  

4 vs 4 Defense
   Defense                  Defense                  Time % Phy DF OF 
 1 Dion Phaneuf             Nicklas Grossmann        60     1   2  2  
 2 Mike Green               Mike Weber               40     1   2  2  

Last Minutes Offensive
   Center                   Left Wing                Right Wing               Defense                  Defense                  
   Brad Richards            Nathan Gerbe             Brian Gionta             Dion Phaneuf             Nicklas Grossmann        

Last Minutes Defensive
   Center                   Left Wing                Right Wing               Defense                  Defense                  
   Brad Richards            Nathan Gerbe             Brian Gionta             Dion Phaneuf             Nicklas Grossmann        

Goaltenders
Starting : Viktor Fasth             
Backup : Aaron Dell               

Extra Forwards
Normal : Adam Hall, Brad Richards, Tom Kostopoulos - PP : Adam Hall, Brad Richards - PK : Tom Kostopoulos
Extra Defensemen
Normal : Mark Fistric, Nicklas Grossmann, Dion Phaneuf - PP : Mark Fistric - PK : Nicklas Grossmann, Dion Phaneuf
Penalty Shots
Brad Richards, Olli Jokinen, Brian Gionta, Rich Peverley, Nathan Gerbe

Stars

5 vs 5 Forward 
   Center                   Left Wing                Right Wing               Time % Phy DF OF 
 1 Brian Boyle              Michael Ryder            Daniel Cleary            35     3   1  1  
 2 Erik Haula               Daniel Paille            Cory Conacher            30     3   1  1  
 3 Brad Malone              Rob Klinkhammer          Patrick Eaves            22     3   1  1  
 4 Michael Ryder            Miikka Salomaki          Brett Ritchie            13     3   1  1  

5 vs 5 Defense 
   Defense                  Defense                                           Time % Phy DF OF 
 1 Aaron Johnson            Jakub Kindl                                       35     3   1  1  
 2 Joe Corvo                John Moore                                        30     3   1  1  
 3 Bruno Gervais            Dmitry Orlov                                      22     3   1  1  
 4 Jamie Oleksiak           Aaron Johnson                                     13     3   1  1  

PowerPlay Forward 
   Center                   Left Wing                Right Wing               Time % Phy DF OF 
 1 Brian Boyle              Michael Ryder            Daniel Cleary            60     1   2  2  
 2 Erik Haula               Daniel Paille            Cory Conacher            40     1   2  2  

PowerPlay Defense
   Defense                  Defense                                           Time % Phy DF OF 
 1 Aaron Johnson            Jakub Kindl                                       60     1   2  2  
 2 Joe Corvo                John Moore                                        40     1   2  2  

Penalty Kill 4 Players Forward 
   Center                   Wing                     Time % Phy DF OF 
 1 Michael Ryder            Brian Boyle              60     1   2  2  
 2 Daniel Cleary            Daniel Paille            40     1   2  2  

Penalty Kill 4 Players Defense
   Defense                  Defense                  Time % Phy DF OF 
 1 Aaron Johnson            Jakub Kindl              60     1   2  2  
 2 Joe Corvo                John Moore               40     1   2  2  

Penalty Kill - 3 Players Forward 
   Forward                                           Time % Phy DF OF 
 1 Michael Ryder                                     60     1   2  2  
 2 Brian Boyle                                       40     1   2  2  

Penalty Kill - 3 Players Defense
   Defense                  Defense                  Time % Phy DF OF 
 1 Aaron Johnson            Jakub Kindl              60     1   2  2  
 2 Joe Corvo                John Moore               40     1   2  2  

4 vs 4 Forward 
   Center                   Wing                     Time % Phy DF OF 
 1 Michael Ryder            Brian Boyle              60     1   2  2  
 2 Daniel Cleary            Daniel Paille            40     1   2  2  

4 vs 4 Defense
   Defense                  Defense                  Time % Phy DF OF 
 1 Aaron Johnson            Jakub Kindl              60     1   2  2  
 2 Joe Corvo                John Moore               40     1   2  2  

Last Minutes Offensive
   Center                   Left Wing                Right Wing               Defense                  Defense                  
   Brian Boyle              Michael Ryder            Daniel Cleary            Aaron Johnson            Jakub Kindl              

Last Minutes Defensive
   Center                   Left Wing                Right Wing               Defense                  Defense                  
   Brian Boyle              Michael Ryder            Daniel Cleary            Aaron Johnson            Jakub Kindl              

Goaltenders
Starting : Hannu Toivonen           
Backup : Robin Lehner             

Extra Forwards
Normal : Rob Klinkhammer, Patrick Eaves, Brett Ritchie - PP : Rob Klinkhammer, Patrick Eaves - PK : Brett Ritchie
Extra Defensemen
Normal : Bruno Gervais, Dmitry Orlov, Jamie Oleksiak - PP : Bruno Gervais - PK : Dmitry Orlov, Jamie Oleksiak
Penalty Shots
Michael Ryder, Brian Boyle, Daniel Cleary, Daniel Paille, Cory Conacher

% Time on Ice - Sharks

Lines # - Real PCT - Wanted PCT - Time Play
Normal Forward
1 - 25% - 35% - 8:47
2 - 30% - 30% - 10:22
3 - 34% - 22% - 11:46
4 - 11% - 13% - 3:45
Normal Defense
1 - 35% - 35% - 11:59
2 - 33% - 30% - 11:20
3 - 30% - 22% - 10:31
4 - 2% - 13% - 0:50
PP Forward
1 - 55% - 60% - 7:18
2 - 45% - 40% - 5:55
PP Defense
1 - 53% - 60% - 7:04
2 - 47% - 40% - 6:09
PK Forward
1 - 77% - 60% - 9:22
2 - 23% - 40% - 2:45
PK Defense
1 - 58% - 60% - 6:59
2 - 42% - 40% - 5:08
PK3 Forward
1 - 0% - 60%
2 - 0% - 40%
PK3 Defense
1 - 0% - 60%
2 - 0% - 40%
44 Forward
1 - 0% - 60%
2 - 0% - 40%
44 Defense
1 - 0% - 60%
2 - 0% - 40%
Last Minute Offensive  - 0:00
Last Minute Defensive  - 0:00
Total
Forward - 60:00
Defense - 60:00

% Time on Ice - Stars

Lines # - Real PCT - Wanted PCT - Time Play
Normal Forward
1 - 21% - 35% - 7:24
2 - 35% - 30% - 12:06
3 - 34% - 22% - 11:44
4 - 10% - 13% - 3:26
Normal Defense
1 - 29% - 35% - 9:55
2 - 31% - 30% - 10:54
3 - 27% - 22% - 9:26
4 - 13% - 13% - 4:25
PP Forward
1 - 54% - 60% - 6:31
2 - 46% - 40% - 5:36
PP Defense
1 - 59% - 60% - 7:08
2 - 41% - 40% - 4:59
PK Forward
1 - 76% - 60% - 10:02
2 - 24% - 40% - 3:11
PK Defense
1 - 45% - 60% - 5:57
2 - 55% - 40% - 7:16
PK3 Forward
1 - 0% - 60%
2 - 0% - 40%
PK3 Defense
1 - 0% - 60%
2 - 0% - 40%
44 Forward
1 - 0% - 60%
2 - 0% - 40%
44 Defense
1 - 0% - 60%
2 - 0% - 40%
Last Minute Offensive  - 0:00
Last Minute Defensive  - 0:00
Total
Forward - 60:00
Defense - 60:00

Play by Play

1st period


0:01 of 1st period - Brad Richards wins face-off versus Brian Boyle in neutral zone.
1:06 of 1st period - Wrist shot by Rich Peverley.
1:06 of 1st period - Goal by Rich Peverley - Sharks : 1 - Stars : 0.
1:07 of 1st period - Adam Hall wins face-off versus Brad Malone in neutral zone.
1:18 of 1st period - Slapshot by Mike Green.
1:18 of 1st period - Shot Misses the Net.
1:20 of 1st period - Wrist shot by Mike Weber.
1:20 of 1st period - Stopped by Hannu Toivonen with a rebound.
1:22 of 1st period - Slapshot by Mike Green.
1:22 of 1st period - Shot Blocked by Joe Corvo.
1:24 of 1st period - Wrist shot by Adam Hall.
1:24 of 1st period - Shot Misses the Net.
1:26 of 1st period - Snap shot by Adam Hall.
1:26 of 1st period - Stopped by Hannu Toivonen with a rebound.
1:28 of 1st period - Wrist shot by Justin Fontaine.
1:28 of 1st period - Shot Blocked by Rob Klinkhammer.
1:30 of 1st period - Slapshot by Adam Hall.
1:30 of 1st period - Shot Misses the Net.
1:39 of 1st period - Minor Penalty to Brad Malone for Interference.
1:40 of 1st period - Michael Ryder wins face-off versus Brad Richards in Stars zone.
2:53 of 1st period - Brian Boyle is hit by Olli Jokinen and loses puck.
3:39 of 1st period - Penalty to Brad Malone is over, Brad Malone is back on ice.
4:02 of 1st period - Slapshot by Rob Klinkhammer.
4:02 of 1st period - Shot Blocked by Mike Weber.
4:04 of 1st period - Slapshot by Bruno Gervais.
4:04 of 1st period - Shot Misses the Net.
4:06 of 1st period - Snap shot by Dmitry Orlov.
4:06 of 1st period - Shot Blocked by Adam Hall.
4:14 of 1st period - Wrist shot by Rob Klinkhammer.
4:14 of 1st period - Shot Misses the Net.
4:16 of 1st period - Snap shot by Rob Klinkhammer.
4:16 of 1st period - Stopped by Viktor Fasth without a rebound.
4:17 of 1st period - Erik Haula wins face-off versus Andrew Ebbett in Sharks zone.
4:36 of 1st period - Snap shot by Daniel Paille.
4:36 of 1st period - Stopped by Viktor Fasth with a rebound.
5:14 of 1st period - Dmitry Orlov is hit by Justin Fontaine and loses puck.
5:42 of 1st period - Minor Penalty to Matt Hendricks for Hooking.
5:43 of 1st period - Brian Boyle wins face-off versus Brad Richards in Sharks zone.
5:54 of 1st period - Snap shot by Brian Boyle.
5:54 of 1st period - Shot Misses the Net.
6:20 of 1st period - Backhand shot by Jakub Kindl.
6:20 of 1st period - Shot Blocked by Dion Phaneuf.
6:22 of 1st period - Slapshot by Jakub Kindl.
6:22 of 1st period - Deflect By Cory Conacher.
6:22 of 1st period - Stopped by Viktor Fasth with a rebound.
6:46 of 1st period - Brian Boyle is hit by Dion Phaneuf and loses puck.
7:03 of 1st period - Erik Haula is hit by Rich Peverley and loses puck.
7:10 of 1st period - Snap shot by Brian Gionta.
7:10 of 1st period - Shot Misses the Net.
7:12 of 1st period - Wrist shot by Brian Gionta.
7:12 of 1st period - Shot Misses the Net.
7:42 of 1st period - Penalty to Matt Hendricks is over, Matt Hendricks is back on ice.
7:59 of 1st period - Matt Hendricks is hit by Aaron Johnson and loses puck.
8:30 of 1st period - Minor Penalty to Brad Malone for Hooking.
8:31 of 1st period - Michael Ryder wins face-off versus Adam Hall in Stars zone.
9:01 of 1st period - Snap shot by Brian Boyle.
9:01 of 1st period - Shot Misses the Net.
9:03 of 1st period - Wrist shot by Brian Boyle.
9:03 of 1st period - Shot Misses the Net.
9:05 of 1st period - Slapshot by Brett Ritchie.
9:05 of 1st period - Shot Misses the Net.
10:10 of 1st period - John Moore is hit by Brian Gionta and loses puck.
10:30 of 1st period - Penalty to Brad Malone is over, Brad Malone is back on ice.
10:40 of 1st period - Slapshot by Brad Malone.
10:40 of 1st period - Shot Blocked by Adam Hall.
11:31 of 1st period - Wrist shot by Andrew Ebbett.
11:31 of 1st period - Shot Blocked by Bruno Gervais.
11:33 of 1st period - Snap shot by Mike Weber.
11:33 of 1st period - Deflect By Brad Richards.
11:33 of 1st period - Shot Blocked by Dmitry Orlov.
11:33 of 1st period - Puck is out of play.
11:34 of 1st period - Andrew Ebbett wins face-off versus Erik Haula in Stars zone.
11:43 of 1st period - Slapshot by Cory Conacher.
11:43 of 1st period - Shot Misses the Net.
11:50 of 1st period - Minor Penalty to Andrew Ebbett for Hooking.
11:51 of 1st period - Erik Haula wins face-off versus Brad Richards in Sharks zone.
11:53 of 1st period - Snap shot by Cory Conacher.
11:53 of 1st period - Stopped by Viktor Fasth with a rebound.
13:11 of 1st period - Tom Kostopoulos is hit by Cory Conacher and loses puck.
13:50 of 1st period - Penalty to Andrew Ebbett is over, Andrew Ebbett is back on ice.
14:05 of 1st period - Slapshot by John Moore.
14:05 of 1st period - Shot Blocked by Mike Weber.
14:07 of 1st period - Wrist shot by John Moore.
14:07 of 1st period - Stopped by Viktor Fasth with a rebound.
14:28 of 1st period - Slapshot by Brad Malone.
14:28 of 1st period - Shot Misses the Net.
14:30 of 1st period - Snap shot by Rob Klinkhammer.
14:30 of 1st period - Stopped by Viktor Fasth with a rebound.
14:32 of 1st period - Slapshot by Rob Klinkhammer.
14:32 of 1st period - Stopped by Viktor Fasth with a rebound.
14:56 of 1st period - Wrist shot by Justin Fontaine.
14:56 of 1st period - Shot Misses the Net.
15:34 of 1st period - Aaron Johnson is hit by Matt Hendricks and loses puck.
16:09 of 1st period - Minor Penalty to Jamie Oleksiak for Hooking.
16:10 of 1st period - Olli Jokinen wins face-off versus Brett Ritchie in Stars zone.
16:25 of 1st period - Slapshot by Mike Green.
16:25 of 1st period - Shot Misses the Net.
17:09 of 1st period - Snap shot by Rich Peverley.
17:09 of 1st period - Shot Misses the Net.
17:11 of 1st period - Slapshot by Dion Phaneuf.
17:11 of 1st period - Shot Misses the Net.
17:55 of 1st period - Daniel Paille is hit by Mike Weber and loses puck.
18:09 of 1st period - Penalty to Jamie Oleksiak is over, Jamie Oleksiak is back on ice.
18:48 of 1st period - Minor Penalty to Deryk Engelland for Hooking.
18:49 of 1st period - Erik Haula wins face-off versus Brad Richards in Sharks zone.
18:49 of 1st period - Snap shot by Cory Conacher.
18:49 of 1st period - Stopped by Viktor Fasth with a rebound.
Goals for this period are 1 for Sharks vs 0 for Stars.
Shots for this period are 3 for Sharks vs 8 for Stars.

2nd period


0:01 of 2nd period - Olli Jokinen wins face-off versus Brian Boyle in neutral zone.
0:20 of 2nd period - Backhand shot by Michael Ryder.
0:20 of 2nd period - Stopped by Viktor Fasth without a rebound.
0:21 of 2nd period - Brad Richards wins face-off versus Erik Haula in Sharks zone.
0:32 of 2nd period - Wrist shot by Jakub Kindl.
0:32 of 2nd period - Goal by Jakub Kindl - Sharks : 1 - Stars : 1.
0:33 of 2nd period - Brad Richards wins face-off versus Brian Boyle in neutral zone.
0:40 of 2nd period - Snap shot by Brian Gionta.
0:40 of 2nd period - Shot Misses the Net.
0:42 of 2nd period - Slapshot by Dion Phaneuf.
0:42 of 2nd period - Shot Blocked by Brian Boyle.
0:56 of 2nd period - Snap shot by Nathan Gerbe.
0:56 of 2nd period - Shot Misses the Net.
0:58 of 2nd period - Slapshot by Nicklas Grossmann.
0:58 of 2nd period - Deflect By Brian Gionta.
0:58 of 2nd period - Goal by Brian Gionta - Sharks : 2 - Stars : 1.
0:59 of 2nd period - Erik Haula wins face-off versus Olli Jokinen in neutral zone.
2:07 of 2nd period - Minor Penalty to Brian Boyle for Slashing.
2:08 of 2nd period - Michael Ryder wins face-off versus Brad Richards in Stars zone.
3:26 of 2nd period - Slapshot by Dion Phaneuf.
3:26 of 2nd period - Deflect By Michael Ryder.
3:26 of 2nd period - Goal by Dion Phaneuf - Sharks : 3 - Stars : 1.
3:27 of 2nd period - Adam Hall wins face-off versus Brad Malone in neutral zone.
3:30 of 2nd period - Slapshot by Mike Green.
3:30 of 2nd period - Stopped by Hannu Toivonen with a rebound.
3:32 of 2nd period - Slapshot by Adam Hall.
3:32 of 2nd period - Shot Misses the Net.
3:34 of 2nd period - Snap shot by Mike Weber.
3:34 of 2nd period - Deflect By Adam Hall.
3:34 of 2nd period - Stopped by Hannu Toivonen with a rebound.
3:36 of 2nd period - Snap shot by Mike Weber.
3:36 of 2nd period - Stopped by Hannu Toivonen with a rebound.
3:38 of 2nd period - Snap shot by Deryk Engelland.
3:38 of 2nd period - Shot Misses the Net.
3:40 of 2nd period - Slapshot by Mike Weber.
3:40 of 2nd period - Shot Blocked by Joe Corvo.
3:42 of 2nd period - Slapshot by Mike Weber.
3:42 of 2nd period - Shot Misses the Net.
3:44 of 2nd period - Snap shot by Adam Hall.
3:44 of 2nd period - Stopped by Hannu Toivonen with a rebound.
3:46 of 2nd period - Snap shot by Deryk Engelland.
3:46 of 2nd period - Stopped by Hannu Toivonen with a rebound.
3:48 of 2nd period - Snap shot by Adam Hall.
3:48 of 2nd period - Shot Misses the Net.
3:50 of 2nd period - Slapshot by Adam Hall.
3:50 of 2nd period - Goal by Adam Hall - Sharks : 4 - Stars : 1.
3:51 of 2nd period - Erik Haula wins face-off versus Brad Richards in neutral zone.
4:28 of 2nd period - Snap shot by Cory Conacher.
4:28 of 2nd period - Stopped by Viktor Fasth without a rebound.
4:29 of 2nd period - Olli Jokinen wins face-off versus Brian Boyle in Sharks zone.
6:21 of 2nd period - Erik Haula is hit by Brian Gionta and loses puck.
6:28 of 2nd period - Slapshot by John Moore.
6:28 of 2nd period - Shot Blocked by Nicklas Grossmann.
6:39 of 2nd period - Brian Gionta is hit by Erik Haula and loses puck.
7:21 of 2nd period - Icing by Cory Conacher.
7:22 of 2nd period - Erik Haula wins face-off versus Andrew Ebbett in Stars zone.
7:37 of 2nd period - Slapshot by Andrew Ebbett.
7:37 of 2nd period - Shot Misses the Net.
7:39 of 2nd period - Snap shot by Mike Weber.
7:39 of 2nd period - Shot Blocked by Daniel Paille.
7:41 of 2nd period - Slapshot by Mike Weber.
7:41 of 2nd period - Stopped by Hannu Toivonen with a rebound.
8:10 of 2nd period - Backhand shot by Mike Green.
8:10 of 2nd period - Shot Blocked by Joe Corvo.
8:12 of 2nd period - Snap shot by Adam Hall.
8:12 of 2nd period - Shot Misses the Net.
8:49 of 2nd period - Nicklas Grossmann is hit by Brian Boyle and loses puck.
9:20 of 2nd period - Slapshot by Nathan Gerbe.
9:20 of 2nd period - Goal by Nathan Gerbe - Sharks : 5 - Stars : 1.
9:21 of 2nd period - Adam Hall wins face-off versus Brad Malone in neutral zone.
9:24 of 2nd period - Slapshot by Mike Green.
9:24 of 2nd period - Shot Blocked by Rob Klinkhammer.
9:49 of 2nd period - Snap shot by Rob Klinkhammer.
9:49 of 2nd period - Stopped by Viktor Fasth with a rebound.
10:21 of 2nd period - Backhand shot by Michael Ryder.
10:21 of 2nd period - Shot Misses the Net.
10:31 of 2nd period - Joe Corvo is hit by Deryk Engelland and loses puck.
11:02 of 2nd period - Matt Hendricks is hit by Brett Ritchie.
11:06 of 2nd period - Wrist shot by Michael Ryder.
11:06 of 2nd period - Shot Blocked by Matt Hendricks.
11:18 of 2nd period - Bruno Gervais is hit by Dion Phaneuf and loses puck.
11:38 of 2nd period - Icing by Bruno Gervais.
11:39 of 2nd period - Brad Richards wins face-off versus Patrick Eaves in Stars zone.
12:06 of 2nd period - Snap shot by Cory Conacher.
12:06 of 2nd period - Shot Hit the Post.
12:08 of 2nd period - Snap shot by Daniel Paille.
12:08 of 2nd period - Shot Blocked by Jay Harrison.
12:10 of 2nd period - Snap shot by Daniel Paille.
12:10 of 2nd period - Shot Misses the Net.
12:12 of 2nd period - Slapshot by Jakub Kindl.
12:12 of 2nd period - Stopped by Viktor Fasth with a rebound.
12:14 of 2nd period - Snap shot by Aaron Johnson.
12:14 of 2nd period - Shot Blocked by Mark Fistric.
13:17 of 2nd period - Snap shot by Andrew Ebbett.
13:17 of 2nd period - Stopped by Hannu Toivonen with a rebound.
13:20 of 2nd period - Icing by Joe Corvo.
13:21 of 2nd period - Andrew Ebbett wins face-off versus Erik Haula in Stars zone.
13:22 of 2nd period - Slapshot by Mike Green.
13:22 of 2nd period - Shot Misses the Net.
13:24 of 2nd period - Snap shot by Mike Green.
13:24 of 2nd period - Deflect By Brad Richards.
13:24 of 2nd period - Stopped by Hannu Toivonen with a rebound.
13:26 of 2nd period - Slapshot by Mike Weber.
13:26 of 2nd period - Stopped by Hannu Toivonen with a rebound.
13:49 of 2nd period - Minor Penalty to Mike Weber for Tripping.
13:50 of 2nd period - Brad Richards wins face-off versus Brian Boyle in Sharks zone.
14:02 of 2nd period - Wrist shot by Daniel Cleary.
14:02 of 2nd period - Goal by Daniel Cleary - Sharks : 5 - Stars : 2.
14:03 of 2nd period - Olli Jokinen wins face-off versus Brad Malone in neutral zone.
14:16 of 2nd period - Snap shot by Olli Jokinen.
14:16 of 2nd period - Shot Misses the Net.
14:22 of 2nd period - Slapshot by Jakub Kindl.
14:22 of 2nd period - Deflect By Patrick Eaves.
14:22 of 2nd period - Shot Blocked by Dion Phaneuf.
14:22 of 2nd period - Puck is out of play.
14:23 of 2nd period - Olli Jokinen wins face-off versus Brad Malone in Sharks zone.
14:30 of 2nd period - Jakub Kindl is hit by Matt Hendricks and loses puck.
14:37 of 2nd period - Nicklas Grossmann is hit by Rob Klinkhammer and loses puck.
14:44 of 2nd period - Slapshot by Rob Klinkhammer.
14:44 of 2nd period - Shot Blocked by Matt Hendricks.
14:46 of 2nd period - Slapshot by Jakub Kindl.
14:46 of 2nd period - Stopped by Viktor Fasth with a rebound.
14:48 of 2nd period - Wrist shot by Jakub Kindl.
14:48 of 2nd period - Deflect By Rob Klinkhammer.
14:48 of 2nd period - Shot Blocked by Nicklas Grossmann.
14:48 of 2nd period - Puck is out of play.
14:49 of 2nd period - Erik Haula wins face-off versus Adam Hall in Sharks zone.
14:58 of 2nd period - Snap shot by Daniel Paille.
14:58 of 2nd period - Shot Blocked by Adam Hall.
15:00 of 2nd period - Wrist shot by Daniel Paille.
15:00 of 2nd period - Shot Misses the Net.
15:02 of 2nd period - Snap shot by Daniel Paille.
15:02 of 2nd period - Shot Blocked by Mike Weber.
15:04 of 2nd period - Wrist shot by Cory Conacher.
15:04 of 2nd period - Shot Misses the Net.
15:22 of 2nd period - Slapshot by Cory Conacher.
15:22 of 2nd period - Shot Blocked by Mike Weber.
15:24 of 2nd period - Slapshot by John Moore.
15:24 of 2nd period - Shot Misses the Net.
15:26 of 2nd period - Snap shot by Daniel Paille.
15:26 of 2nd period - Shot Blocked by Mike Green.
15:43 of 2nd period - Minor Penalty to Mike Weber for Boarding.
15:44 of 2nd period - Brian Boyle wins face-off versus Brad Richards in Sharks zone.
15:47 of 2nd period - Slapshot by Michael Ryder.
15:47 of 2nd period - Goal by Michael Ryder - Sharks : 5 - Stars : 3.
15:48 of 2nd period - Michael Ryder wins face-off versus Brad Richards in neutral zone.
16:01 of 2nd period - Wrist shot by Nathan Gerbe.
16:01 of 2nd period - Goal by Nathan Gerbe - Sharks : 6 - Stars : 3.
16:02 of 2nd period - Michael Ryder wins face-off versus Nathan Gerbe in neutral zone.
17:00 of 2nd period - Rich Peverley is hit by Cory Conacher and loses puck.
17:07 of 2nd period - Cory Conacher is hit by Olli Jokinen and loses puck.
17:29 of 2nd period - Icing by Cory Conacher.
17:30 of 2nd period - Adam Hall wins face-off versus Erik Haula in Stars zone.
17:33 of 2nd period - Snap shot by Justin Fontaine.
17:33 of 2nd period - Stopped by Hannu Toivonen without a rebound.
17:34 of 2nd period - Brad Malone wins face-off versus Adam Hall in Stars zone.
17:34 of 2nd period - Brad Malone is hit by Mark Fistric.
17:46 of 2nd period - Wrist shot by Patrick Eaves.
17:46 of 2nd period - Shot Misses the Net.
17:48 of 2nd period - Slapshot by Bruno Gervais.
17:48 of 2nd period - Stopped by Viktor Fasth with a rebound.
17:50 of 2nd period - Slapshot by Dmitry Orlov.
17:50 of 2nd period - Stopped by Viktor Fasth with a rebound.
17:56 of 2nd period - Wrist shot by Rob Klinkhammer.
17:56 of 2nd period - Shot Misses the Net.
18:08 of 2nd period - Snap shot by Patrick Eaves.
18:08 of 2nd period - Stopped by Viktor Fasth without a rebound.
18:09 of 2nd period - Brad Richards wins face-off versus Brian Boyle in Sharks zone.
18:18 of 2nd period - Slapshot by Daniel Cleary.
18:18 of 2nd period - Stopped by Viktor Fasth with a rebound.
18:20 of 2nd period - Wrist shot by Daniel Cleary.
18:20 of 2nd period - Shot Blocked by Nathan Gerbe.
18:22 of 2nd period - Slapshot by Aaron Johnson.
18:22 of 2nd period - Shot Misses the Net.
18:24 of 2nd period - Wrist shot by Jakub Kindl.
18:24 of 2nd period - Shot Misses the Net.
18:38 of 2nd period - Snap shot by Michael Ryder.
18:38 of 2nd period - Stopped by Viktor Fasth with a rebound.
18:40 of 2nd period - Slapshot by Jakub Kindl.
18:40 of 2nd period - Deflect By Dion Phaneuf.
18:40 of 2nd period - Stopped by Viktor Fasth with a rebound.
18:42 of 2nd period - Snap shot by Brian Boyle.
18:42 of 2nd period - Shot Misses the Net.
18:44 of 2nd period - Snap shot by Aaron Johnson.
18:44 of 2nd period - Stopped by Viktor Fasth without a rebound.
18:45 of 2nd period - Daniel Paille wins face-off versus Olli Jokinen in Sharks zone.
19:21 of 2nd period - Wrist shot by Rich Peverley.
19:21 of 2nd period - Shot Misses the Net.
19:23 of 2nd period - Snap shot by Matt Hendricks.
19:23 of 2nd period - Shot Misses the Net.
19:39 of 2nd period - Wrist shot by Justin Fontaine.
19:39 of 2nd period - Stopped by Hannu Toivonen with a rebound.
19:41 of 2nd period - Slapshot by Nicklas Grossmann.
19:41 of 2nd period - Shot Misses the Net.
19:43 of 2nd period - Slapshot by Dion Phaneuf.
19:43 of 2nd period - Stopped by Hannu Toivonen with a rebound.
19:52 of 2nd period - Minor Penalty to Joe Corvo for Interference.
19:53 of 2nd period - Brian Boyle wins face-off versus Brad Richards in Stars zone.
Goals for this period are 5 for Sharks vs 3 for Stars.
Shots for this period are 17 for Sharks vs 15 for Stars.

3rd period


0:01 of 3rd period - Brad Richards wins face-off versus Michael Ryder in neutral zone.
0:04 of 3rd period - Slapshot by Brian Gionta.
0:04 of 3rd period - Stopped by Hannu Toivonen with a rebound.
1:52 of 3rd period - Penalty to Joe Corvo is over, Joe Corvo is back on ice.
2:20 of 3rd period - Slapshot by Justin Fontaine.
2:20 of 3rd period - Deflect By Adam Hall.
2:20 of 3rd period - Stopped by Hannu Toivonen with a rebound.
2:22 of 3rd period - Slapshot by Jay Harrison.
2:22 of 3rd period - Stopped by Hannu Toivonen with a rebound.
2:24 of 3rd period - Slapshot by Adam Hall.
2:24 of 3rd period - Stopped by Hannu Toivonen with a rebound.
2:56 of 3rd period - Slapshot by Mike Green.
2:56 of 3rd period - Deflect By Brad Richards.
2:56 of 3rd period - Stopped by Hannu Toivonen with a rebound.
2:58 of 3rd period - Slapshot by Andrew Ebbett.
2:58 of 3rd period - Shot Blocked by Jamie Oleksiak.
3:14 of 3rd period - Snap shot by Mike Green.
3:14 of 3rd period - Shot Misses the Net.
3:16 of 3rd period - Minor Penalty to Jamie Oleksiak for Hooking.
3:17 of 3rd period - Michael Ryder wins face-off versus Olli Jokinen in Stars zone.
3:30 of 3rd period - Slapshot by Dion Phaneuf.
3:30 of 3rd period - Stopped by Hannu Toivonen with a rebound.
3:32 of 3rd period - Slapshot by Dion Phaneuf.
3:32 of 3rd period - Shot Blocked by Brian Boyle.
4:24 of 3rd period - Snap shot by Rich Peverley.
4:24 of 3rd period - Stopped by Hannu Toivonen with a rebound.
4:26 of 3rd period - Wrist shot by Matt Hendricks.
4:26 of 3rd period - Shot Misses the Net.
4:28 of 3rd period - Snap shot by Olli Jokinen.
4:28 of 3rd period - Stopped by Hannu Toivonen with a rebound.
5:16 of 3rd period - Penalty to Jamie Oleksiak is over, Jamie Oleksiak is back on ice.
6:39 of 3rd period - Andrew Ebbett is hit by Dmitry Orlov and loses puck.
7:02 of 3rd period - Snap shot by Nathan Gerbe.
7:02 of 3rd period - Stopped by Hannu Toivonen with a rebound.
7:31 of 3rd period - Snap shot by Patrick Eaves.
7:31 of 3rd period - Shot Blocked by Jay Harrison.
7:33 of 3rd period - Slapshot by Aaron Johnson.
7:33 of 3rd period - Shot Blocked by Olli Jokinen.
7:35 of 3rd period - Slapshot by Aaron Johnson.
7:35 of 3rd period - Stopped by Viktor Fasth with a rebound.
7:37 of 3rd period - Snap shot by Aaron Johnson.
7:37 of 3rd period - Stopped by Viktor Fasth with a rebound.
7:55 of 3rd period - Slapshot by Dion Phaneuf.
7:55 of 3rd period - Shot Misses the Net.
8:27 of 3rd period - Snap shot by Justin Fontaine.
8:27 of 3rd period - Stopped by Hannu Toivonen with a rebound.
8:29 of 3rd period - Slapshot by Nicklas Grossmann.
8:29 of 3rd period - Shot Blocked by Bruno Gervais.
8:31 of 3rd period - Slapshot by Deryk Engelland.
8:31 of 3rd period - Shot Misses the Net.
8:50 of 3rd period - Double Minor Penalty to Dion Phaneuf for Slashing.
8:51 of 3rd period - Brad Richards wins face-off versus Brian Boyle in Sharks zone.
9:04 of 3rd period - Wrist shot by Brian Boyle.
9:04 of 3rd period - Shot Misses the Net.
9:06 of 3rd period - Slapshot by Jakub Kindl.
9:06 of 3rd period - Shot Misses the Net.
9:08 of 3rd period - Snap shot by Aaron Johnson.
9:08 of 3rd period - Shot Blocked by Olli Jokinen.
9:10 of 3rd period - Snap shot by Jakub Kindl.
9:10 of 3rd period - Stopped by Viktor Fasth without a rebound.
9:11 of 3rd period - Brad Richards wins face-off versus Brian Boyle in Sharks zone.
9:22 of 3rd period - Slapshot by Jakub Kindl.
9:22 of 3rd period - Stopped by Viktor Fasth without a rebound.
9:23 of 3rd period - Tom Kostopoulos wins face-off versus Brian Boyle in Sharks zone.
10:18 of 3rd period - Daniel Cleary is hit by Mike Weber and loses puck.
10:23 of 3rd period - Snap shot by Rich Peverley.
10:23 of 3rd period - Deflect By Brian Gionta.
10:23 of 3rd period - Shot Misses the Net.
10:23 of 3rd period - Puck is out of play.
10:24 of 3rd period - Brian Boyle wins face-off versus Brian Gionta in Stars zone.
10:29 of 3rd period - Slapshot by Jakub Kindl.
10:29 of 3rd period - Shot Blocked by Erik Gustafsson.
10:31 of 3rd period - Slapshot by Aaron Johnson.
10:31 of 3rd period - Stopped by Viktor Fasth with a rebound.
10:33 of 3rd period - Wrist shot by Daniel Cleary.
10:33 of 3rd period - Shot Misses the Net.
10:49 of 3rd period - Nicklas Grossmann is hit by Daniel Paille and loses puck.
11:28 of 3rd period - Snap shot by Brian Boyle.
11:28 of 3rd period - Shot Misses the Net.
11:30 of 3rd period - Snap shot by Brian Boyle.
11:30 of 3rd period - Shot Misses the Net.
11:44 of 3rd period - Rich Peverley is hit by Jakub Kindl.
12:02 of 3rd period - John Moore is hit by Nicklas Grossmann and loses puck.
12:14 of 3rd period - Wrist shot by Cory Conacher.
12:14 of 3rd period - Deflect By Rob Klinkhammer.
12:14 of 3rd period - Shot Misses the Net.
12:14 of 3rd period - Puck is out of play.
12:15 of 3rd period - Rob Klinkhammer wins face-off versus Brian Gionta in Sharks zone.
12:28 of 3rd period - Olli Jokinen is hit by Jakub Kindl.
12:50 of 3rd period - Penalty to Dion Phaneuf is over, Dion Phaneuf is back on ice.
13:02 of 3rd period - Wrist shot by Rich Peverley.
13:02 of 3rd period - Shot Blocked by John Moore.
13:27 of 3rd period - Minor Penalty to Bruno Gervais for Hooking.
13:28 of 3rd period - Michael Ryder wins face-off versus Brad Richards in Stars zone.
13:38 of 3rd period - Slapshot by Jakub Kindl.
13:38 of 3rd period - Shot Blocked by Brian Gionta.
13:40 of 3rd period - Slapshot by Jakub Kindl.
13:40 of 3rd period - Deflect By Michael Ryder.
13:40 of 3rd period - Stopped by Viktor Fasth with a rebound.
13:44 of 3rd period - Wrist shot by Michael Ryder.
13:44 of 3rd period - Shot Misses the Net.
15:27 of 3rd period - Penalty to Bruno Gervais is over, Bruno Gervais is back on ice.
15:28 of 3rd period - Snap shot by Cory Conacher.
15:28 of 3rd period - Shot Misses the Net.
15:30 of 3rd period - Slapshot by Aaron Johnson.
15:30 of 3rd period - Stopped by Viktor Fasth without a rebound.
15:31 of 3rd period - Adam Hall wins face-off versus Brad Malone in Sharks zone.
15:37 of 3rd period - Minor Penalty to Deryk Engelland for Goalie Interference.
15:38 of 3rd period - Brian Boyle wins face-off versus Brad Richards in Sharks zone.
15:43 of 3rd period - Snap shot by Daniel Cleary.
15:43 of 3rd period - Stopped by Viktor Fasth with a rebound.
15:45 of 3rd period - Snap shot by Aaron Johnson.
15:45 of 3rd period - Shot Blocked by Mike Green.
15:47 of 3rd period - Slapshot by Aaron Johnson.
15:47 of 3rd period - Stopped by Viktor Fasth with a rebound.
16:13 of 3rd period - Wrist shot by Erik Haula.
16:13 of 3rd period - Shot Misses the Net.
17:09 of 3rd period - Snap shot by Cory Conacher.
17:09 of 3rd period - Shot Misses the Net.
17:19 of 3rd period - Slapshot by Dion Phaneuf.
17:19 of 3rd period - Shot Misses the Net.
17:37 of 3rd period - Penalty to Deryk Engelland is over, Deryk Engelland is back on ice.
17:43 of 3rd period - Wrist shot by Rob Klinkhammer.
17:43 of 3rd period - Shot Misses the Net.
18:14 of 3rd period - Slapshot by Dmitry Orlov.
18:14 of 3rd period - Deflect By Brett Ritchie.
18:14 of 3rd period - Stopped by Viktor Fasth with a rebound.
18:16 of 3rd period - Snap shot by Miikka Salomaki.
18:16 of 3rd period - Shot Blocked by Mark Fistric.
18:18 of 3rd period - Snap shot by Dmitry Orlov.
18:18 of 3rd period - Stopped by Viktor Fasth with a rebound.
18:20 of 3rd period - Wrist shot by Bruno Gervais.
18:20 of 3rd period - Stopped by Viktor Fasth with a rebound.
19:03 of 3rd period - Slapshot by Dion Phaneuf.
19:03 of 3rd period - Deflect By Adam Hall.
19:03 of 3rd period - Shot Misses the Net.
19:03 of 3rd period - Puck is out of play.
19:04 of 3rd period - Adam Hall wins face-off versus Michael Ryder in Stars zone.
19:49 of 3rd period - Minor Penalty to Matt Hendricks for Holding.
19:50 of 3rd period - Erik Haula wins face-off versus Brad Richards in Sharks zone.
Goals for this period are 0 for Sharks vs 0 for Stars.
Shots for this period are 10 for Sharks vs 12 for Stars.


Output by the SimonT Hockey Simulator (STHS) for Eric Dolegowski -- Original Page W3C XHTML 1.0 Valid
Hockey Simulator - Hockey Simulation - Hockey Manager